 Dungeon Crawl Stone Soup version 0.17-a0-1079-g9903972 (webtiles) character file.

33413 Kisielow the Cleaver (level 13, -3/116 HPs)
             Began as a Minotaur Fighter on May 19, 2015.
             Was the Champion of Okawaru.
             Succumbed to a death drake's dark miasma
             ... on level 5 of the Lair of Beasts.
             The game lasted 00:45:44 (15764 turns).

Kisielow the Cleaver (Minotaur Fighter)            Turns: 15764, Time: 00:45:44

Health: -3/116     AC: 18    Str: 28    XL:     13   Next: 36%
Magic:  1/27       EV:  6    Int:  5    God:    Okawaru [******]
Gold:   785        SH: 20    Dex: 14    Spells: 0 memorised, 12 levels left

rFire  . . .     SeeInvis +     y - +5 war axe (flame)
rCold  . . .     Clarity  .     w - +0 plate armour
rNeg   . . .     SustAb   .     O - +0 large shield
rPois  .         Gourm    .     c - +0 hat {SInv}
rElec  .         Spirit   +     (no cloak)
rCorr  .         Warding  .     z - +0 pair of gloves {Str+3}
rMut   .         Stasis   .     G - +0 pair of boots
MR     .....                    E - amulet of guardian spirit
Stlth  ..........               a - ring of magical power
                                F - +3 ring of dexterity

@: lethally poisoned (-3 -> -35), about to teleport, slowed, very slow, not
resistant to hostile enchantments, extremely unstealthy
A: retaliatory headbutt, horns 2
a: Heroism, Finesse, Renounce Religion


You were on level 5 of the Lair of Beasts.
You worshipped Okawaru.
Okawaru was exalted by your worship.
You were hungry.

You visited 3 branches of the dungeon, and saw 17 of its levels.

You collected 785 gold pieces.

Inventory:

Hand weapons
 y - a +5 war axe of flaming (weapon)
 H - a +1 battleaxe of chopping
 I - a +3 executioner's axe of chopping
Armour
 c - a +0 hat of see invisible (worn)
 w - a +0 plate armour (worn)
 z - a +0 pair of gloves of strength (worn)
 D - the +0 buckler "Hacuoxua" {MR+ Int+2}
   (Okawaru gifted it to you on level 3 of the Lair of Beasts)

   It affects your intelligence (+2).
   It affects your resistance to hostile enchantments.
 G - a +0 pair of boots (worn)
 O - a +0 large shield (worn)
Jewellery
 a - a ring of magical power (right hand)
 E - an amulet of guardian spirit (around neck)
 F - a +3 ring of dexterity (left hand)
Magical devices
 b - a wand of disintegration (1)
 l - a wand of paralysis (17)
 t - a wand of polymorph (4)
 v - a wand of enslavement (8)
 x - a wand of lightning (8)
 A - a wand of paralysis (7)
 M - a wand of fireball (7)
 N - a wand of teleportation (3)
Scrolls
 f - 4 scrolls of fear
 j - 4 scrolls of remove curse
 p - 2 scrolls of amnesia
 r - 2 scrolls of magic mapping
 u - a scroll of teleportation
Potions
 d - 3 potions of might
 i - 6 potions of lignification
 s - 4 potions of agility
 C - a potion of cancellation
 Q - a potion of cure mutation
Books
 k - a Young Poisoner's Handbook

   Spells                             Type                      Level
   a - Sting                          Conjuration/Poison           1
   b - Cure Poison                    Poison                       2
   c - Mephitic Cloud                 Conjuration/Poison/Air       3
   d - Olgreb's Toxic Radiance        Poison                       4
   e - Venom Bolt                     Conjuration/Poison           5
 B - a book of Hinderance

   Spells                             Type                      Level
   a - Confusing Touch                Hexes                        2
   b - Confuse                        Hexes                        3
   c - Gell's Gravitas                Hexes/Translocation          3
   d - Petrify                        Transmutation/Earth          4
   e - Metabolic Englaciation         Hexes/Ice                    5
 J - a book of Unlife

   Spells                             Type                      Level
   a - Recall                         Summoning/Translocation      3
   b - Animate Dead                   Necromancy                   4
   c - Control Undead                 Necromancy                   4
   d - Cigotuvi's Embrace             Necromancy                   5
   e - Death Channel                  Necromancy                   6
   f - Simulacrum                     Ice/Necromancy               6
 L - a book of Spatial Translocations

   Spells                             Type                      Level
   a - Apportation                    Translocation                1
   b - Blink                          Translocation                2
   c - Shroud of Golubria             Charms/Translocation         2
   d - Portal Projectile              Translocation                3
   e - Teleport Other                 Translocation                3
   f - Passage of Golubria            Translocation                4
Miscellaneous
 K - a stone of tremors
Comestibles
 e - 9 bread rations
 g - 7 slices of pizza
 h - 4 chunks of flesh
 m - 11 beef jerkies
 n - 3 royal jellies
 o - 4 meat rations
 P - 3 fruits


   Skills:
 + Level 11.4 Fighting
 * Level 13.8 Axes
 + Level 11.6 Armour
 - Level 1.0 Dodging
 + Level 11.8 Shields
 - Level 8.0 Invocations
 - Level 8.0 Evocations


You had 12 spell levels left.
You didn't know any spells.

Dungeon Overview and Level Annotations

Branches:
Dungeon (11/15)            Temple (1/1) D:6            Lair (5/8) D:11
 Shoals (0/4) Lair:4       Spider (0/4) Lair:4          Orc (0/4) D:10

Altars:
Ashenzari
Cheibriados
Dithmenos
Elyvilon
Fedhas
Gozag
Kikubaaqudgha
Makhleb
Nemelex Xobeh
Okawaru
Qazlal
Ru
Sif Muna
Trog
Vehumet
Xom
Yredelemnul
Zin
The Shining One

Shops:
D:6 *


Innate Abilities, Weirdness & Mutations

You reflexively headbutt those who attack you in melee.
You have a pair of horns on your head.


Message History

Press: ? - help, Shift-Dir - straight line, f - you, p - death drake You feel strangely unstable.
Evoking this partially-identified wand wasted a few charges.
* * * LOW HITPOINT WARNING * * *
You feel very sick. You block the death drake's attack.
You block the crocodile's attack.
The death drake bites you but does no damage.
Drink which item? (? for menu, Esc to quit)
You feel better. You block the crocodile's attack.
The death drake bites you but does no damage.
You block the crocodile's attack. The death drake breathes miasma at you.
The foul vapour engulfs you!
You are poisoned.
You feel as though you will be slow longer.
* * * LOW HITPOINT WARNING * * *
You are engulfed in dark miasma.
You are lethally poisoned!
* * * LOW HITPOINT WARNING * * *
You die...

..........##......#....
..................##.###
......#..............P..
......#.#........##...PP
.....# .#.........#..P.
....# #........#.....
.... ......§kt§...<# ...
.......§§§....# .
.......§@§...P# .
##...........## .
#.........P.....
.........###....
...<....# .... .......##
#.. ....... ## .......


You could see a death drake and a crocodile.

Vanquished Creatures
  Rupert (Lair:3)
  Maud (Lair:5)
  Snorg (Lair:5)
  Josephine (D:11)
  Fannar (D:10)
  4 hydras
  Harold (Lair:1)
  The ghost of aves the Cleaver, a powerful VSWn of Qazlal (D:11)
  A hill giant (D:10)
  6 elephants
  3 black mambas
  3 sirens (Lair:4)
  Joseph (D:8)
  A gargoyle (D:11)
  A torpor snail (Lair:4)
  3 spiny frogs
  A fire drake (Lair:4)
  A troll (D:11)
  Grinder (D:5)
  A merfolk (Lair:4)
  5 blink frogs (Lair:4)
  Sigmund (D:5)
  5 wraiths (D:11)
  33 yaks
  A hog (Lair:4)
  A deep elf mage (D:11)
  Eustachio (D:6)
  A basilisk (Lair:2)
  A hungry ghost (D:11)
  2 hippogriffs
  2 steam dragons
  Menkaure (D:5)
  7 water moccasins
  4 porcupines
  A sky beast (D:5)
  2 necrophages
  5 orc warriors
  4 ice beasts
  2 phantoms
  A black bear (D:11)
  4 ogres
  4 centaurs
  5 crocodiles
  A big kobold (D:9)
  Blork the orc (D:5)
  13 giant frogs
  A scorpion (Lair:4)
  A water moccasin skeleton (D:5)
  7 wights
  16 killer bees
  3 giant frog zombies
  7 crimson imps
  3 centaur skeletons
  2 giant frog skeletons
  4 jellies
  7 orc priests
  6 hounds
  13 iguanas
  14 orc wizards
  9 worker ants
  19 sheep
  9 adders
  A worker ant zombie (D:9)
  4 gnolls
  26 river rats
  2 shadow imps
  An ooze (D:5)
  2 adder zombies
  8 worms
  65 orcs
  A ball python (D:4)
  16 bats
  A bat skeleton (D:6)
  7 giant cockroaches
  15 hobgoblins
  17 jackals
  2 quokkas
  6 giant geckos
  5 giant newts
  8 goblins
  A jackal skeleton (D:4)
  15 kobolds
  A quokka skeleton (D:4)
  17 rats
  3 fungi
  3 plants
490 creatures vanquished.

Vanquished Creatures (others)
  An adder (D:10)
  A fungus (Lair:4)
  2 plants
4 creatures vanquished.

Grand Total: 494 creatures vanquished

Notes
Turn   | Place    | Note
--------------------------------------------------------------
     0 | D:1      | Kisielow the Minotaur Fighter began the quest for the Orb.
     0 | D:1      | Reached XP level 1. HP: 19/19 MP: 0/0
   125 | D:1      | Reached XP level 2. HP: 6/26 MP: 1/1
   730 | D:1      | Reached skill level 4 in Axes
  1084 | D:1      | Reached XP level 3. HP: 31/31 MP: 2/2
  1367 | D:2      | Found a sparkling altar of Nemelex Xobeh.
  1736 | D:2      | Reached skill level 5 in Axes
  1861 | D:2      | Reached XP level 4. HP: 39/39 MP: 3/3
  2054 | D:3      | Reached skill level 1 in Dodging
  2252 | D:3      | Found a bloodstained altar of Trog.
  2791 | D:3      | Found an opulent altar of Gozag.
  3030 | D:3      | Reached XP level 5. HP: 46/46 MP: 4/4
  3071 | D:4      | Noticed an ogre
  3082 | D:4      | Killed an ogre
  3143 | D:4      | Reached XP level 6. HP: 46/53 MP: 5/5
  3149 | D:4      | Reached skill level 6 in Axes
  3206 | D:4      | Reached skill level 5 in Fighting
  3271 | D:4      | Noticed a phantom
  3292 | D:4      | Killed a phantom
  3345 | D:4      | Reached skill level 5 in Shields
  3345 | D:4      | Reached XP level 7. HP: 61/61 MP: 6/6
  3371 | D:4      | Reached skill level 5 in Armour
  3741 | D:5      | Entered Level 5 of the Dungeon
  3793 | D:5      | Noticed Menkaure
  3798 | D:5      | Killed Menkaure
  3858 | D:5      | Reached skill level 7 in Axes
  3952 | D:5      | Noticed Sigmund
  3975 | D:5      | Killed Sigmund
  3975 | D:5      | Reached XP level 8. HP: 67/71 MP: 7/7
  4152 | D:5      | Noticed Blork the orc
  4160 | D:5      | Killed Blork the orc
  4225 | D:5      | Gained mutation: You are clumsy. (Dex -2) [mutagenic meat]
  4433 | D:5      | Noticed Grinder
  4445 | D:5      | Killed Grinder
  4634 | D:5      | Found a sacrificial altar of Ru.
  4634 | D:5      | Found a bloodstained altar of Trog.
  4641 | D:5      | Reached skill level 8 in Axes
  4964 | D:6      | Reached XP level 9. HP: 81/81 MP: 8/8
  4971 | D:6      | Noticed Eustachio
  4977 | D:6      | Killed Eustachio
  4986 | D:6      | Lost mutation: You are clumsy. (Dex -2) [potion of cure mutation]
  5030 | D:6      | Found a staircase to the Ecumenical Temple.
  5040 | Temple   | Entered the Ecumenical Temple
  5060 | Temple   | Became a worshipper of Warmaster Okawaru
  5571 | D:6      | Found Gaegrost's General Store.
  5784 | D:7      | Reached skill level 9 in Axes
  6145 | D:7      | Found a shimmering altar of Xom.
  6646 | D:8      | Acquired Okawaru's first power
  6801 | D:8      | Noticed Joseph
  6817 | D:8      | Killed Joseph
  7283 | D:8      | Reached skill level 10 in Axes
  7675 | D:8      | Reached XP level 10. HP: 91/91 MP: 9/9
  8247 | D:9      | Reached skill level 10 in Armour
  9024 | D:10     | Entered Level 10 of the Dungeon
  9079 | D:10     | Reached skill level 10 in Fighting
  9154 | D:10     | Reached skill level 10 in Shields
  9186 | D:10     | Reached skill level 1 in Invocations
  9186 | D:10     | Reached skill level 1 in Evocations
  9331 | D:10     | Found a staircase to the Orcish Mines.
  9484 | D:10     | Found a staircase to the Lair.
  9699 | D:10     | Noticed Fannar
  9700 | D:10     | Noticed a hill giant
  9917 | D:10     | Killed Fannar
  9953 | D:10     | Killed a hill giant
  9953 | D:10     | Reached XP level 11. HP: 85/99 MP: 13/13
 10428 | D:11     | Noticed an eight-headed hydra
 10437 | D:11     | Killed a one-headed hydra
 10437 | D:11     | Reached skill level 5 in Invocations
 10647 | D:11     | Found a staircase to the Lair.
 10651 | D:11     | Noticed aves's ghost (powerful VSWn)
 10666 | D:11     | Killed aves's ghost
 10666 | D:11     | Acquired Okawaru's second power
 10666 | D:11     | Reached skill level 5 in Evocations
 10734 | D:11     | Noticed Josephine
 10745 | D:11     | Killed Josephine
 10745 | D:11     | Received a gift from Okawaru
 11188 | Lair:1   | Entered Level 1 of the Lair of Beasts
 11232 | Lair:1   | Noticed a four-headed hydra
 11232 | Lair:1   | Noticed a seven-headed hydra
 11255 | Lair:1   | Killed a two-headed hydra
 11259 | Lair:1   | Killed a one-headed hydra
 11259 | Lair:1   | Received a gift from Okawaru
 11513 | Lair:1   | Noticed Harold
 11528 | Lair:1   | Killed Harold
 11771 | Lair:1   | Reached XP level 12. HP: 85/106 MP: 17/17
 12846 | Lair:3   | Noticed a four-headed hydra
 12858 | Lair:3   | Killed a one-headed hydra
 13415 | Lair:3   | Reached skill level 11 in Axes
 13638 | Lair:3   | Noticed Rupert
 13647 | Lair:3   | Killed Rupert
 13650 | Lair:3   | Received a gift from Okawaru
 13650 | Lair:3   | Reached skill level 12 in Axes
 13657 | Lair:3   | Got a bloodstained buckler {god gift}
 13678 | Lair:3   | Identified the +0 buckler "Hacuoxua" {MR+ Int+2} (Okawaru gifted it to you on level 3 of the Lair of Beasts)
 14329 | Lair:4   | Found a hole to the Spider Nest.
 14494 | Lair:4   | Reached XP level 13. HP: 115/115 MP: 18/18
 14499 | Lair:4   | Reached skill level 13 in Axes
 15183 | Lair:4   | Found a staircase to the Shoals.
 15664 | Lair:5   | Noticed Maud
 15680 | Lair:5   | Killed Maud
 15680 | Lair:5   | Received a gift from Okawaru
 15732 | Lair:5   | Noticed Snorg
 15741 | Lair:5   | Killed Snorg
 15764 | Lair:5   | HP: 2/116 [death drake] (9)]
 15764 | Lair:5   | Succumbed to a death drake's dark miasma

Vault maps used:
D:1:      dpeg_arrival_three_smaller_balls, minmay_misc_feat_enclosed,
          minmay_misc_feat_four_crosses, minmay_misc_feat_cross,
          due_unseen_surprise
D:2:      nemelex_xobeh_ov_fountains_minmay, serial_glass, glass_columns_a,
          glass_columns_c, lemuel_another_geyser
D:3:      lemuel_round_altar, gup_sewer_entry_bowl, bloody_trog
D:4:      first_bread, hangedman_decor_diamond_cutter
D:5:      gammafunk_temple_overflow_wave, uniq_grinder, uniq_menkaure,
          uniq_blork_the_orc, uniq_sigmund
D:6:      minmay_temple_entry_trees, serial_shops, shop, uniq_eustachio
D:7:      tgw_xom, grunt_ogre_cave
D:8:      uniq_joseph
D:9:      serial_bayou_lagoon_a
D:10:     erik_lair_dragon, orc_0_dummy, uniq_fannar
D:11:     lair_0_dummy, uniq_josephine
Temple:   water_room_temple_a_12
Lair:1:   uniq_harold
Lair:3:   cheibrodos_lair_caveside_slide, wad_woods_road_06, uniq_rupert
Lair:4:   elwin_shoals_entry_rooms, nicolae_spider_entry_non_spiders,
          grunt_megastairs_4, lemuel_fruit_fields
Lair:5:   beast_lair_carwin_4, serial_bayou_shore_a, lemuel_fruit_fields,
          uniq_snorg, uniq_maud

Action                   |  1- 3 |  4- 6 |  7- 9 | 10-12 | 13-15 || total
-------------------------+-------+-------+-------+-------+-------++-------
Melee: War axe           |   106 |   135 |   318 |   495 |   133 ||  1187
       Battleaxe         |       |       |       |    93 |       ||    93
Evoke: Wand              |       |       |       |    11 |     7 ||    18
  Use: Scroll            |       |     8 |     6 |    16 |     1 ||    31
       Potion            |       |       |     5 |     1 |     7 ||    13
 Stab: Invisible         |       |       |     1 |       |       ||     1
       Paralysed         |       |       |       |       |     9 ||     9
  Eat: Chunk             |     3 |     5 |    14 |    16 |     3 ||    41
       Fruit             |       |       |       |     4 |       ||     4
       Meat ration       |       |       |       |     1 |       ||     1
